Map: Para Site LE

Players

Michael - Winner!

  • Race: Protoss Protoss
  • League: Platinum
  • Spawn Location: 11:00

Merciless

  • Race: Terran Terran
  • League: Gold
  • Spawn Location: 5:00

VOD

Have the link to the VOD?

Description

Time

  • Played on: Oct. 13, 2018, 8:05 p.m.
  • Length: 12:13
Show
View Real Time Build Order
Export as new Build Order

Michael Protoss - Winner!

Build Orders:  

Get SALT Encoding   

  1  0:00  Probe  
  12  0:05  Probe  
  14  0:16  Probe  
  15  0:23  Pylon  
  15  0:41  Probe, Gateway  
  16  0:47  Assimilator  
  16  0:53  Probe  
  17  1:04  Probe  
  18  1:12  Probe, Pylon  
  19  1:20  Probe  
  19  1:24  Gateway  
  20  1:32  Probe  
  21  1:37  Cybernetics Core  
  21  1:47  Gateway  
  21  1:50  Zealot  
  23  1:58  Probe  
  24  2:07  Warp Gate  
  24  2:10  Probe  
  25  2:19  Twilight Council  
  25  2:22  Probe  
  26  2:35  Probe  
  27  2:39  Nexus  
  27  2:44  Pylon  
  27  3:00  Forge  
  26  3:05  Assimilator  
  26  3:07  Probe  
  26  3:10  Assimilator  
  26  3:11  Charge  
  27  3:19  Probe  
  28  3:36  Probe  
  28  3:38  Zealot x2  
  31  3:41  Zealot  
  31  3:47  Pylon  
  31  3:48  Probe  
  34  3:51  Probe  
  35  4:00  Probe  
  35  4:01  Assimilator  
  36  4:03  Probe  
  37  4:12  Probe  
  37  4:14  Stargate  
  37  4:16  Pylon  
  38  4:17  Pylon  
  38  4:33  Zealot, Gateway  
  38  4:34  Zealot x2  
  38  4:37  Probe  
  46  4:38  Probe  
  46  4:49  Probe  
  46  4:50  Probe  
  48  4:52  Gateway  
  48  4:54  Protoss Ground Weapons Level 1  
  48  4:59  Zealot  
  50  5:01  Probe  
  50  5:02  Zealot  
  53  5:12  Probe  
  53  5:13  Probe  
  55  5:16  Stalker  
  55  5:20  Zealot  
  59  5:24  Probe  
  60  5:34  Probe  
  61  5:36  Probe  
  61  5:38  Void Ray  
  62  5:44  Zealot x2  
  62  5:45  Zealot x2  
  62  5:46  Probe  
  62  5:48  Probe  
  76  5:58  Probe  
  76  6:00  Gateway  
  76  6:02  Pylon  
  76  6:03  Pylon  
  77  6:05  Pylon  
  77  6:12  Pylon  
  77  6:15  Void Ray  
  77  6:20  Stargate  
  81  6:34  Zealot x2  
  81  6:35  Zealot x2  
  89  6:41  Shield Battery  
  89  6:46  Photon Cannon  
  89  6:47  Zealot  
  89  6:49  Void Ray  
  95  7:02  Zealot x2  
  59  7:25  Zealot x4  
  59  7:26  Zealot x2  
  71  7:38  Photon Cannon  
  71  7:47  Void Ray  
  71  7:48  Robotics Facility, Void Ray  
  79  7:59  Templar Archives  
  79  8:04  Zealot  
  81  8:09  Zealot  
  81  8:11  Zealot  
  85  8:15  Zealot  
  85  8:19  Zealot  
  89  8:22  Zealot  
  91  8:42  Nexus  
  91  8:48  Probe  
  91  8:49  Probe  
  91  8:55  Pylon  
  93  8:58  Pylon  
  93  9:07  Pylon  
  93  9:09  Zealot  
  95  9:10  Zealot  
  95  9:15  Void Ray  
  87  9:33  Zealot  
  87  9:34  Zealot x3  
  87  9:37  Zealot  
  85  9:39  Zealot  
  81  9:49  Immortal  
  75  10:14  Zealot x3  
  71  10:15  Zealot x2  
  71  10:16  Zealot  
  71  10:20  Probe x3  
  82  10:32  Probe x2  
  82  10:33  Probe  
  77  10:50  Zealot  
  77  10:51  Zealot x2  
  77  10:52  Zealot  
  77  10:53  Zealot x2  
  77  10:56  Immortal  
  89  11:09  Void Ray x2  
  97  11:13  Zealot  
  97  11:14  Zealot  
  97  11:24  Zealot  
  97  11:25  Zealot x3  
  103  11:26  Immortal  
  109  11:49  Zealot x2  
  109  11:50  Zealot  
  109  11:51  Zealot, Pylon  
  109  11:53  Pylon  
  121  11:56  Pylon  
  119  12:07  Zealot x2  
Show
View Real Time Build Order
Export as new Build Order

Merciless Terran 

Build Orders: Command Center First (CC) 

Get SALT Encoding   

  12  0:02  SCV  
  13  0:14  SCV  
  14  0:22  Supply Depot  
  14  0:26  SCV  
  15  0:43  SCV  
  16  0:55  SCV  
  17  1:02  Command Center  
  17  1:07  SCV  
  18  1:20  SCV  
  19  1:32  SCV, Barracks  
  20  1:35  Refinery  
  20  1:44  SCV  
  20  1:45  Supply Depot  
  21  1:56  SCV  
  22  2:08  SCV  
  23  2:20  SCV  
  23  2:21  SCV  
  25  2:24  Marine  
  26  2:32  SCV, Refinery  
  26  2:33  SCV  
  28  2:42  Marine  
  29  2:44  SCV  
  29  2:45  Factory, SCV  
  31  2:56  SCV  
  31  2:57  SCV  
  33  3:00  Marine  
  34  3:08  SCV  
  34  3:09  SCV  
  36  3:18  Marine  
  37  3:20  SCV  
  37  3:21  SCV  
  39  3:30  Factory  
  39  3:33  SCV x2  
  41  3:35  Supply Depot  
  41  3:36  Marine  
  41  3:46  Factory Tech Lab  
  41  3:52  Barracks  
  41  3:53  Marine  
  41  3:54  SCV x2  
  44  3:58  Supply Depot  
  44  4:00  Refinery  
  44  4:02  Refinery  
  44  4:07  Siege Tank  
  47  4:11  Marine  
  47  4:15  Factory Tech Lab  
  48  4:17  Engineering Bay  
  48  4:22  Orbital Command x2  
  48  4:29  Marine  
  49  4:34  Siege Tank  
  52  4:39  Siege Tank  
  55  4:49  Missile Turret  
  56  4:55  Barracks Tech Lab  
  55  5:00  Barracks Tech Lab  
  55  5:10  Missile Turret  
  55  5:17  Siege Tank x2  
  61  5:33  Terran Infantry Weapons Level 1  
  61  5:38  SCV, Starport  
  61  5:39  Engineering Bay  
  62  5:45  Supply Depot  
  62  5:49  Supply Depot  
  62  6:05  Missile Turret  
  62  6:07  Siege Tank x2, SCV  
  62  6:08  Command Center  
  69  6:12  Terran Infantry Armor Level 1  
  69  6:15  Armory  
  69  6:16  Starport Tech Lab  
  69  6:21  Supply Depot  
  69  6:25  Supply Depot  
  69  6:33  SCV  
  69  6:35  SCV  
  71  6:43  Supply Depot  
  71  6:45  SCV  
  72  6:48  Supply Depot  
  72  6:52  Marine x2  
  74  6:57  SCV, Medivac  
  77  7:01  SCV  
  78  7:09  SCV  
  78  7:10  Marine x2  
  78  7:13  Siege Tank x2, SCV  
  87  7:21  SCV  
  85  7:27  Medivac  
  85  7:28  Marine  
  88  7:35  SCV  
  89  7:37  SCV  
  89  7:38  SCV  
  91  7:44  Terran Infantry Weapons Level 2, Starport  
  91  7:47  SCV  
  91  7:49  SCV  
  91  7:50  SCV  
  94  7:55  Thor  
  100  7:59  SCV  
  100  8:02  SCV x2  
  103  8:11  SCV  
  104  8:12  Viking  
  104  8:14  SCV x2  
  104  8:17  Thor  
  114  8:21  Supply Depot  
  114  8:24  SCV, Supply Depot  
  114  8:26  SCV x2  
  117  8:33  Starport Reactor  
  117  8:36  SCV  
  118  8:42  Viking, Refinery  
  118  8:44  Refinery  
  120  8:52  Thor  
  126  9:00  Thor  
  126  9:02  Marine  
  133  9:12  Viking  
  135  9:19  Marine  
  112  9:37  Marine  
  93  9:48  Siege Tank x2  
  99  9:55  Marine  
  76  10:19  Viking x2  
  77  10:32  Viking  
  75  10:36  Thor x2  
  65  11:31  Command Center  
  65  11:37  Barracks  
  65  11:38  Barracks  
  65  11:40  Barracks  
  65  11:46  Barracks  
Tags
 
Add a new tag
Caveats
  • Supply blocks, unpowered buildings, or Contaminate may cause inaccurate times.
  • Supply counts are checked every 10 seconds.